 Dungeon Crawl Stone Soup version 0.21.1-1-g345015f (webtiles) character file.

93 glosham the Skirmisher (level 4, -1/30 HPs)
             Began as a Kobold Artificer on May 10, 2018.
             Slain by Natasha (8 damage)
             ... on level 4 of the Dungeon.
             The game lasted 00:15:04 (809 turns).

glosham the Skirmisher (Kobold Artificer)            Turns: 809, Time: 00:15:05

Health: -1/30      AC:  3    Str: 10    XL:     4   Next: 91%
Magic:  6/6        EV: 14    Int: 12    God:
Gold:   68         SH:  0    Dex: 15    Spells: 3/3 levels left

rFire    . . .     SeeInvis .   a - +0 long sword
rCold    . . .     Gourm    .   (shield restricted)
rNeg     . . .     Faith    .   j - +0 leather armour
rPois    .         Spirit   .   (no helmet)
rElec    .         Reflect  .   (no cloak)
rCorr    .         Harm     .   (no gloves)
MR       .....                  (no boots)
Stlth    +.........             (no amulet)
HPRegen  0.10/turn              q - ring of loudness (curse)
MPRegen  0.10/turn              (no ring)

@: slowed, very slow
A: small, carnivore
a: no special abilities


You were on level 4 of the Dungeon.
You were not hungry.

You visited 1 branch of the dungeon, and saw 3 of its levels.

You collected 68 gold pieces.

Inventory:

Hand Weapons
 a - a +0 long sword (weapon)
 b - a +0 hunting sling
 c - a +0 short sword
 p - a +0 war axe
Missiles
 g - 25 stones (quivered)
 k - 55 arrows
 s - 19 poisoned needles
Armour
 j - a +0 leather armour (worn)
Jewellery
 q - a cursed ring of loudness (left hand)
Wands
 d - a wand of enslavement (11)
 o - a wand of flame (9)
Scrolls
 h - 3 scrolls of fog {unknown}
 i - 2 scrolls of immolation {unknown}
 l - 2 scrolls of remove curse {unknown}
 m - a scroll of identify {unknown}
 n - a scroll of enchant weapon {unknown}
 t - a scroll of noise {unknown}
Potions
 e - a potion of invisibility {unknown}
 r - a potion of heal wounds {unknown}
Comestibles
 f - 4 rations
 u - a chunk of flesh


   Skills:
 * Level 4.7 Fighting
 - Level 1.3 Short Blades
 - Level 2.4 Dodging
 - Level 1.3 Stealth
 - Level 3.6 Evocations


You had 3 spell levels left.
You didn't know any spells.

Dungeon Overview and Level Annotations

Branches:
Dungeon (2/15)

Altars:
Elyvilon
Hepliaklqana

Annotations:
D:4 Natasha, Sigmund


Innate Abilities, Weirdness & Mutations

You are small and have problems with some larger weapons.
You are carnivorous and can eat meat at any time.


Message History

Natasha is almost dead.
Natasha barely misses you.
You hit Natasha.
You kill Natasha!
Natasha yowls pathetically as she dies!
The crimson imp disappears in a puff of smoke!
There is an open door, spattered with blood here.
You see here the felid corpse of Natasha.
You see here an adder corpse.
There is an open door, spattered with blood here.
You see here the felid corpse of Natasha.
There is an open door, spattered with blood here.
You see here the felid corpse of Natasha.
A quokka comes into view.
The quokka completely misses you.
You miss the quokka. The quokka closely misses you. The quokka bites you.
You hit the quokka.
You kill the quokka!
Found 15 gold pieces.
Found a stone staircase leading down.
Found a ration.
A ball python skeleton comes into view.
Natasha, Servant of Life and Death comes into view.
Natasha hisses angrily.
Natasha casts a spell at you.
You feel yourself slow down.
You see here a ration.
You closely miss Natasha. Natasha casts a spell at you.
You feel as though you will be slow longer.
Natasha stares at you and mumbles some strange words.
You feel as though you will be slow longer.
Natasha claws you.
You hit Natasha.
Natasha is moderately wounded.
Natasha casts a spell at you. The magic dart hits you!
* * * LOW HITPOINT WARNING * * *
Natasha claws you!
You die...

###. ######>...
##########.......#
#................#
#.########.......#
#.# #..$....# #.#
#@######.. #.# #h#
#.# ..Z. #.# .....
#.# .......
#.####..>......
#.##.+..........
#.##.#...........
#...........


You could see Natasha and a ball python skeleton.

Vanquished Creatures
  Natasha (twice) (D:4)
  A hound skeleton (D:4)
  A worm (D:2)
  3 leopard geckos
  A giant cockroach (D:4)
  2 goblins (D:2)
  A kobold (D:2)
  2 quokkas
  3 bats (D:2)
  2 frilled lizards (D:1)
  2 rats
20 creatures vanquished.

Vanquished Creatures (collateral kills)
  An adder (D:4)
1 creature vanquished.

Vanquished Creatures (others)
  An adder (D:4)
1 creature vanquished.

Grand Total: 22 creatures vanquished

Notes
Turn   | Place    | Note
-------+----------+-------------------------------------------
     0 | D:1      | glosham the Kobold Artificer began the quest for the Orb.
     0 | D:1      | Reached XP level 1. HP: 12/12 MP: 3/3
   164 | D:1      | Reached skill level 2 in Fighting
   164 | D:1      | Reached XP level 2. HP: 14/17 MP: 4/4
   447 | D:2      | Reached skill level 3 in Fighting
   447 | D:2      | Reached XP level 3. HP: 23/23 MP: 5/5
   531 | D:2      | You fall through a shaft for 2 floors!
   546 | D:4      | Found a white marble altar of Elyvilon.
   606 | D:4      | Found a hazy altar of Hepliaklqana.
   637 | D:4      | Noticed Natasha
   648 | D:4      | Killed Natasha
   648 | D:4      | Reached skill level 4 in Fighting
   648 | D:4      | Reached XP level 4. HP: 22/29 MP: 6/6
   650 | D:4      | Noticed Sigmund
   722 | D:4      | Noticed Natasha
   735 | D:4      | Killed Natasha
   806 | D:4      | Noticed Natasha
   809 | D:4      | Slain by Natasha

Skill      XL: |  1  2  3 |
---------------+----------+-----
Fighting       | 2 3 4 |  4.7
Short Blades   | |  1.3
Dodging        | |  2.4
Stealth        | |  1.3
Evocations     | |  3.6

Action                   |  1- 3 |  4- 6 || total
-------------------------+-------+-------++-------
Melee: Short sword       |    22 |       ||    22
       Long sword        |     9 |    16 ||    25
 Fire: Hunting sling     |    40 |       ||    40
Evoke: Wand              |     5 |    20 ||    25
 Stab: Sleeping          |     2 |       ||     2
Armor: Leather armour    |     6 |       ||     6
Dodge: Dodged            |    39 |    11 ||    50
       Rpst.: Long sword |     7 |     1 ||     8

Table legend:
 A = Turns spent in this place as a percentage of turns spent in the entire game.
 B = Non-inter-level travel turns spent in this place as a percentage of non-inter-level travel turns spent in the entire game.
 C = Inter-level travel turns spent in this place as a percentage of turns spent in this place.
 D = Turns resting spent in this place as a percentage of non-inter-level travel turns spent in this place.
 E = Turns spent auto-exploring this place as a percentage of non-inter-level travel turns spent in this place.
 F = Non-inter-level travel turns spent in this place divided by the number of levels of this place that you've seen.
                   A       B       C       D       E      F
               +-------+-------+-------+-------+-------+----------------------
         Total | 100.0 | 100.0 |   0.0 |   0.0 |   0.0 | 269.7
       Dungeon | 100.0 | 100.0 |   0.0 |   0.0 |   0.0 | 269.7
               +-------+-------+-------+-------+-------+----------------------

Table legend:
 A = Kills in this place as a percentage of kills in entire the game.
 B = Kills by you in this place as a percentage of kills by you in the entire game.
 C = Kills by friends in this place as a percentage of kills by friends in the entire game.
 D = Other kills in this place as a percentage of other kills in the entire game.
 E = Experience gained in this place as a percentage of experience gained in the entire game.
 F = Experience gained in this place divided by the number of levels of this place that you have seen.
                   A       B       C       D       E      F
               +-------+-------+-------+-------+-------+----------------------
         Total | 100.0 | 100.0 | 100.0 |   N/A | 100.0 |  44.3
       Dungeon | 100.0 | 100.0 | 100.0 |   N/A | 100.0 |  44.3
               +-------+-------+-------+-------+-------+----------------------

Vault maps used:
D:1:      dpeg_arrival_water_temple_mockup
D:2:      nicolae_overflow_hidden_temple, hex_large
D:4:      kennysheep_little_box, marbit_many_paths, uniq_sigmund, uniq_natasha
